Map: Ruins of Endion

Players

wolverine

  • Race: Protoss Protoss
  • League: Silver
  • Spawn Location: 7:00

Fropez - Winner!

  • Race: Protoss Protoss
  • League: Silver
  • Spawn Location: 5:00

VOD

Have the link to the VOD?

Description

Time

  • Played on: May 18, 2016, 11:59 p.m.
  • Length: 17:52
Show
View Real Time Build Order
Export as new Build Order

wolverine Protoss 

Build Orders:  

Get SALT Encoding   

  12  0:01  Probe (Chrono Boost)  
  13  0:18  Probe (Chrono Boost)  
  14  0:27  Pylon  
  14  0:29  Probe (Chrono Boost)  
  15  0:35  Assimilator  
  15  0:45  Probe (Chrono Boost)  
  15  0:48  Gateway  
  16  0:54  Assimilator  
  16  0:58  Probe (Chrono Boost)  
  17  1:09  Probe (Chrono Boost)  
  18  1:39  Gateway  
  18  1:40  Probe (Chrono Boost)  
  19  1:50  Probe (Chrono Boost)  
  20  2:06  Probe (Chrono Boost)  
  21  2:14  Cybernetics Core  
  21  2:18  Probe (Chrono Boost)  
  21  2:19  Pylon  
  22  2:28  Probe (Chrono Boost)  
  23  2:39  Probe (Chrono Boost)  
  24  2:51  Nexus  
  24  2:53  Probe (Chrono Boost)  
  24  2:55  Stalker x2  
  24  2:56  Warp Gate  
  31  3:13  Mothership Core (Chrono Boost)  
  31  3:24  Pylon  
  31  3:28  Pylon  
  31  3:33  Probe (Chrono Boost)  
  27  3:54  Stalker x2  
  30  3:57  Probe (Chrono Boost)  
  30  4:08  Probe x2 (Chrono Boost)  
  30  4:09  Twilight Council  
  32  4:18  Robotics Facility  
  29  4:31  Stalker  
  31  4:40  Probe (Chrono Boost)  
  31  4:41  Probe (Chrono Boost)  
  33  4:51  Probe x2 (Chrono Boost)  
  35  4:59  Gateway  
  35  5:17  Stalker  
  35  5:53  Pylon  
  35  5:54  Stalker x2  
  35  5:55  Pylon  
  39  5:59  Warp Prism  
  41  6:06  Probe x2 (Chrono Boost)  
  41  6:07  Forge  
  41  6:10  Dark Shrine  
  43  6:16  Sentry  
  43  6:17  Probe (Chrono Boost)  
  46  6:20  Sentry  
  46  6:24  Probe (Chrono Boost)  
  49  6:27  Probe (Chrono Boost)  
  49  6:32  Pylon  
  50  6:34  Probe (Chrono Boost)  
  50  6:38  Probe (Chrono Boost)  
  52  6:48  Photon Cannon  
  52  6:52  Probe (Chrono Boost), Photon Cannon  
  52  6:53  Probe (Chrono Boost)  
  54  7:12  Stalker x3  
  60  7:30  Immortal (Chrono Boost)  
  62  7:45  Stalker x3  
  64  8:01  Probe  
  64  8:03  Probe  
  66  8:06  Gateway  
  66  8:11  Gateway  
  66  8:18  Immortal (Chrono Boost)  
  70  8:41  Stalker x3  
  74  8:51  Warp Prism (Chrono Boost)  
  74  8:55  Probe  
  76  8:56  Assimilator  
  76  8:57  Probe  
  76  9:00  Assimilator  
  78  9:06  Blink  
  78  9:16  Probe  
  78  9:17  Probe  
  80  9:29  Stalker x3  
  86  9:38  Pylon  
  86  9:43  Pylon  
  86  9:45  Pylon  
  86  9:50  Pylon  
  84  10:00  Stalker x3  
  84  10:01  Stalker x2  
  92  10:31  Dark Templar x2  
  96  10:55  Dark Templar  
  98  10:59  Dark Templar  
  78  11:25  Stalker  
  78  11:26  Stalker x2  
  60  11:36  Probe  
  60  11:38  Probe  
  60  11:39  Dark Templar x2  
  64  11:43  Dark Templar x2  
  60  11:47  Probe  
  60  11:50  Probe  
  53  12:17  Dark Templar x2  
  53  12:30  Pylon  
  53  12:31  Pylon  
  53  12:32  Pylon  
  53  12:35  Stalker x3  
  59  12:54  Archon  
  59  13:02  Archon  
  59  13:20  Probe, Photon Cannon  
  59  13:22  Probe  
  59  13:23  Protoss Ground Weapons Level 1  
  59  13:26  Forge  
  61  13:29  Stalker x4  
  61  13:30  Stalker  
  39  13:59  Stalker x3  
  39  14:00  Stalker  
  35  14:13  Stalker  
  37  14:24  Stalker x2  
  37  14:30  Probe  
  41  14:32  Probe  
  43  14:54  Stalker x3  
  43  14:59  Probe  
  49  15:01  Probe  
  49  15:05  Sentry  
  53  15:09  Sentry  
  55  15:18  Observer (Chrono Boost)  
  56  15:26  Zealot x2  
  60  15:30  Adept  
  60  15:34  Probe  
  63  16:00  Nexus  
  63  16:03  Sentry  
  65  16:05  Sentry  
  65  16:08  Probe  
  68  16:11  Mothership Core  
  70  16:23  Observer (Chrono Boost)  
  71  16:49  Stalker  
  71  16:50  Stalker x3  
  77  17:04  Dark Templar  
  73  17:13  Dark Templar  
  68  17:18  Dark Templar  
Show
View Real Time Build Order
Export as new Build Order

Fropez Protoss - Winner!

Build Orders:  

Get SALT Encoding   

  12  0:12  Pylon  
  12  0:14  Probe (Chrono Boost)  
  13  0:25  Probe (Chrono Boost)  
  14  0:34  Gateway  
  14  0:42  Assimilator  
  14  0:44  Probe (Chrono Boost)  
  15  0:55  Probe (Chrono Boost)  
  16  1:18  Probe (Chrono Boost)  
  17  1:19  Gateway  
  17  1:28  Probe (Chrono Boost)  
  18  1:32  Pylon  
  18  1:39  Probe (Chrono Boost)  
  18  1:50  Probe (Chrono Boost)  
  18  1:52  Cybernetics Core  
  19  1:58  Forge  
  19  1:59  Assimilator  
  19  2:02  Probe (Chrono Boost)  
  20  2:12  Probe (Chrono Boost)  
  22  2:23  Probe (Chrono Boost)  
  22  2:29  Adept x2  
  26  2:32  Warp Gate (Chrono Boost)  
  26  2:35  Protoss Ground Weapons Level 1 (Chrono Boost)  
  27  2:51  Mothership Core  
  28  2:55  Pylon  
  28  3:12  Probe  
  29  3:13  Adept x2  
  33  3:24  Probe  
  32  3:45  Adept x2  
  32  3:47  Probe  
  37  3:52  Gateway  
  37  4:00  Probe  
  36  4:12  Probe  
  39  4:17  Protoss Ground Armor Level 1  
  35  4:44  Pylon  
  35  4:47  Stalker x2  
  35  4:52  Probe  
  38  4:53  Twilight Council  
  38  5:01  Pylon  
  38  5:10  Pylon, Probe  
  39  5:15  Nexus  
  39  5:28  Stalker x2  
  39  5:29  Stalker  
  43  5:59  Stalker x3  
  49  6:04  Nexus  
  49  6:08  Probe  
  49  6:11  Blink (Chrono Boost)  
  50  6:12  Protoss Ground Weapons Level 2  
  50  6:31  Probe  
  51  6:39  Pylon  
  51  6:42  Assimilator  
  51  6:46  Assimilator  
  51  6:48  Pylon  
  51  6:51  Pylon  
  50  6:54  Stalker x2  
  54  7:26  Stalker  
  54  7:27  Stalker x2  
  54  8:27  Stalker x3  
  52  8:43  Protoss Ground Weapons Level 3 (Chrono Boost)  
  52  8:49  Robotics Facility  
  52  8:52  Robotics Facility  
  52  8:54  Probe  
  52  8:55  Pylon, Probe  
  53  9:00  Stalker x3  
  60  9:06  Photon Cannon  
  60  9:11  Probe x2  
  60  9:12  Photon Cannon  
  62  9:18  Photon Cannon  
  62  9:21  Probe  
  62  9:23  Probe  
  64  9:25  Stalker x2  
  68  10:13  Immortal x2 (Chrono Boost)  
  66  10:26  Probe  
  66  10:28  Probe  
  68  10:41  Probe x2  
  70  10:48  Immortal x2 (Chrono Boost)  
  78  10:58  Photon Cannon  
  78  11:02  Stalker  
  78  11:03  Stalker  
  82  11:04  Stalker  
  84  11:11  Pylon  
  53  11:42  Observer (Chrono Boost)  
  40  12:10  Probe x2  
  40  12:28  Probe x2  
  42  12:38  Gateway  
  42  12:39  Gateway  
  42  12:40  Probe x2  
  42  12:43  Observer x2 (Chrono Boost), Templar Archives  
  46  13:18  Immortal x2 (Chrono Boost)  
  54  13:21  High Templar x2  
  58  13:29  Archon  
  58  13:36  High Templar x2  
  61  13:45  Archon  
  51  14:21  Nexus  
  51  14:23  Assimilator  
  51  14:28  Assimilator, Immortal (Chrono Boost)  
  51  14:29  Immortal (Chrono Boost)  
  59  14:31  Pylon  
  59  14:32  Pylon  
  59  14:37  Pylon  
  59  14:50  Zealot  
  61  14:56  High Templar x2  
  61  14:57  Protoss Ground Armor Level 2  
  65  15:00  Archon  
  65  15:01  Probe  
  65  15:03  Probe  
  65  15:17  Assimilator  
  65  15:23  Pylon  
  65  15:24  Zealot x2  
  65  15:25  Pylon  
  69  15:30  Pylon  
  69  15:31  High Templar x2  
  73  15:38  Archon  
  73  15:45  Immortal x2 (Chrono Boost)  
  77  16:03  Stalker x3  
  83  16:13  High Templar  
  85  16:23  High Templar  
  87  16:30  Zealot x3  
  93  16:33  Archon  
  93  16:40  Observer (Chrono Boost)  
  94  17:27  High Templar  
Tags
 
Matchup
PvP
Replay Pack
All Mines
Spawn Locations
Close Positions
Add a new tag
Caveats
  • Supply blocks, unpowered buildings, or Contaminate may cause inaccurate times.
  • Supply counts are checked every 10 seconds.